 Dungeon Crawl Stone Soup version 0.29.1-1-gd02db6906a (webtiles) character file.

Game seed: 10361419598700179926

65 warriortoast the Conjurer (level 3, 0/19 HPs)
             Began as a Deep Elf Conjurer on Oct 18, 2022.
             Slain by a scorpion (3 damage)
             ... on level 3 of the Dungeon.
             The game lasted 00:04:47 (2042 turns).

warriortoast the Conjurer (Deep Elf Conjurer)       Turns: 2042, Time: 00:04:48

Health: 0/19       AC:  3    Str:  4    XL:     3   Next: 92%
Magic:  10/10      EV: 12    Int: 24    God:
Gold:   145        SH:  0    Dex: 13    Spells: 6/10 levels left

rFire   . . .      SeeInvis .   p - +1 dagger (vamp)
rCold   . . .      Faith    .   (no shield)
rNeg    . . .      Spirit   .   a - +0 robe
rPois   .          Reflect  .   h - +0 helmet
rElec   .          Harm     .   (no cloak)
rCorr   .          Rampage  .   (no gloves)
Will    .....                   (no boots)
Stlth   ++........              (no amulet)
HPRegen 0.06/turn               (no ring)
MPRegen 0.12/turn               (no ring)

@: lethally poisoned (0 -> -2)
A: no striking features
a: no special abilities


You were on level 3 of the Dungeon.
You visited 1 branch of the dungeon, and saw 3 of its levels.

You collected 145 gold pieces.

Inventory:

Hand Weapons
 j - a +0 dagger
 p - a +1 vampiric dagger (weapon)
Armour
 a - a +0 robe (worn)
 h - a +0 helmet (worn)
Scrolls
 e - 2 scrolls of enchant armour {unknown}
 f - a scroll of immolation {unknown}
 g - 4 scrolls of identify {unknown}
 k - a scroll of torment {unknown}
 o - a scroll of noise {unknown}
 q - a scroll of enchant weapon {unknown}
 r - a scroll of summoning {unknown}
 s - a scroll of blinking {unknown}
Potions
 b - a potion of magic
 c - 2 potions of mutation {unknown}
 d - a potion of cancellation {unknown}
 i - a potion of heal wounds {unknown}
 l - a potion of brilliance {unknown}
 m - a potion of degeneration {unknown}
 n - 2 potions of flight {unknown}


   Skills:
 - Level 2.4 Dodging
 - Level 2.4 Stealth
 + Level 4.4 Spellcasting
 + Level 5.2 Conjurations
 + Level 1.4 Hexes


You had 6 spell levels left.
You knew the following spells:

 Your Spells              Type           Power      Damage    Failure   Level
a - Magic Dart            Conj           100%       1d8       1%          1
b - Dazzling Flash        Conj/Hex       42%        N/A       7%          3

Your spell library contained the following spells:

 Spells                   Type           Power      Damage    Failure   Level
 Searing Ray              Conj           60%        2d6       1%          2
 Fulminant Prism          Conj/Hex       10%        3d9       24%         4
 Ozocubu's Armour         Ice            5%         N/A       28%         3
 Iskenderun's Mystic Bla  Conj/Tloc      17%        2d5       32%         4
 Ozocubu's Refrigeration  Ice            2%         4d8       100%        7


Dungeon Overview and Level Annotations

Branches:
Dungeon (3/15)

Altars:


Message History

There is a stone staircase leading up here.
Found a scroll labelled WIL TERIRHIT.
Found a flail.
Found a club.
Found 10 gold pieces.
e - 2 scrolls labelled WIL TERIRHIT (gained 1)
A rat comes into view.
The magic dart hits the rat.
You kill the rat!
You can't see any susceptible monsters within range! (Use Z to cast anyway.)
You can't see any susceptible monsters within range! (Use Z to cast anyway.)
A bat comes into view.
Found a robe.
The magic dart hits the bat!
You kill the bat!
You can't see any susceptible monsters within range! (Use Z to cast anyway.)
You can't see any susceptible monsters within range! (Use Z to cast anyway.)
You now have 145 gold pieces (gained 10).
s - a scroll labelled MOL VEANOTREA
g - 4 scrolls labelled BENONEY LENI (gained 1)
A goblin comes into view. It is wielding a +0 club.
The scorpion attacks as you move away! The scorpion closely misses you.
The scorpion closely misses you. The scorpion attacks as you move away!
The scorpion stings you.
You are poisoned.
The scorpion poisons you!
You feel very sick.
You feel sick.
A ball python comes into view.
You feel sick.
You feel sick. The scorpion closely misses you. x2
* * * LOW HITPOINT WARNING * * *
You feel sick.
The ball python hisses angrily.
The scorpion barely misses you.
* * * LOW HITPOINT WARNING * * *
You feel sick. The scorpion barely misses you.
* * * LOW HITPOINT WARNING * * *
You feel sick. The scorpion stings you.
You die...

##...#..#....#
#............
#....)......[
####+##..).........
#...........##.....
#...........###....
######..................
........s.......########
.....S.@#.........######
........####............
........# #............
........# #............
........# #............
........# #.......)....
######### #.......<....
#.......†.)..
#............


You could see a scorpion and a ball python.

Vanquished Creatures
  An adder (D:3)
  A dart slug (D:3)
  3 orcs (D:3)
  3 endoplasms
  3 giant cockroaches
  7 goblins
  7 hobgoblins
  2 jackals (D:1)
  A kobold (D:1)
  A quokka (D:1)
  4 ball pythons
  3 bats
  2 frilled lizards (D:1)
  6 rats
44 creatures vanquished.

Notes
Turn   | Place    | Note
-------+----------+-------------------------------------------
     0 | D:1      | warriortoast the Deep Elf Conjurer began the quest for the
                  | Orb.
     0 | D:1      | Reached XP level 1. HP: 10/10 MP: 6/6
   205 | D:1      | Reached XP level 2. HP: 15/15 MP: 3/8
   993 | D:2      | Reached XP level 3. HP: 19/19 MP: 3/10
   997 | D:2      | Learned a level 3 spell: Dazzling Flash
  1082 | D:2      | Reached skill level 5 in Conjurations
  1598 | D:3      | Noticed a scorpion
  1638 | D:3      | Reached skill level 1 in Hexes
  2042 | D:3      | Slain by a scorpion

Illustrated notes

Levels and vault maps discovered:
D:1:      eino_arrival_tree_alley, layout_basic
D:2:      layout_basic, minmay_fountain_box
D:3:      layout_basic, amcnicky_mini_rare_corridor_liquid

Skill      XL: |  1  2  3 |
---------------+----------+-----
Spellcasting   | 4 |  4.4
Conjurations   | 5 |  5.2
Hexes          | 1 |  1.4
Dodging        | |  2.4
Stealth        | |  2.4

Action                   || total
-------------------------++-------
 Cast: Magic Dart        ||    83
Armor: Robe              ||     3
Dodge: Dodged            ||     7
